[Event "GEO-ch U20 Girls 2020"]
[Site "Tbilisi"]
[Date "2020.08.07"]
[Round "2.10"]
[White "Oniani, Tamar"]
[Black "Esadze, Tamari"]
[Result "0-1"]
[ECO "E04"]
[WhiteElo "1569"]
[BlackElo "1882"]
[Annotator "NA RC"]
[PlyCount "52"]
[EventDate "2020.08.06"]
[EventType "tourn"]
[EventCountry "GEO"]
[SourceTitle "playchess.com"]
[Source "ChessBase"]
[SourceQuality "1"]
[TimeControl "40/5400+30:1800+30"]

1. d4 d5 2. c4 e6 3. Nf3 Nf6 4. g3 dxc4 5. Bg2 Nc6 6. O-O Rb8 7. a4 a6 8. Nc3 Bb4 {[%emt 0:00:11] has lost popularity (8...Be7). E04: Open Catalan: 5 Nf3.} 9. Bg5 h6 10. Bxf6 Qxf6 11. Ne4 Qe7 {[%emt 0:04:52] [#]} 12. Ne5 $146 ({Predecessor:} 12. Qc2 Na5 13. Ne5 O-O 14. Nxc4 Nxc4 15. Qxc4 c6 16. Rfd1 Bd7 17. Rac1 Rfd8 18. Nc5 {1-0 (65) Kalavannan,K (2324)-Sedykh,M (2119) chess.com INT 2020}) 12... Nxe5 13. dxe5 O-O 14. Qc2 b5 15. axb5 axb5 16. Rfc1 Bb7 17. Ra7 Bd5 18. Nc3 (18. e3 $17) 18... Bxg2 19. Kxg2 Qc5 20. Ra2 Qxe5 21. b3 cxb3 22. Qxb3 Bxc3 23. Rxc3 c5 $19 24. Rac2 c4 25. Qb4 Rfd8 26. Ra3 Qe4+ 0-1

[Event "GEO-ch U20 Girls 2020"]
[Site "Tbilisi"]
[Date "2020.08.07"]
[Round "2.12"]
[White "Kostava, Elene"]
[Black "Antia, Sopia"]
[Result "1-0"]
[ECO "A06"]
[WhiteElo "1797"]
[BlackElo "1653"]
[Annotator "NA RC"]
[PlyCount "77"]
[EventDate "2020.08.06"]
[EventType "tourn"]
[EventCountry "GEO"]
[SourceTitle "playchess.com"]
[Source "ChessBase"]
[SourceQuality "1"]
[TimeControl "40/5400+30:1800+30"]

1. Nf3 d5 2. e3 Nf6 3. c4 e6 4. Be2 Be7 5. O-O O-O 6. b3 c5 7. cxd5 exd5 8. d4 Nbd7 9. Nc3 a6 10. Bb2 b6 11. dxc5 Nxc5 12. Nd4 Bb7 13. Nf5 Ne6 14. Qd3 Re8 15. Nxe7+ Rxe7 16. Rad1 Rd7 17. Nb1 Rc8 18. f4 Bc6 19. Qf5 d4 20. Bxa6 Be4 21. Qh3 Rc2 22. Rd2 d3 23. Rfd1 Nc5 24. Bc4 Bg6 25. f5 Rxb2 26. fxg6 Rc2 27. gxf7+ Kf8 28. Qh4 Rxd2 29. Nxd2 Re7 30. Qh3 h6 31. Rf1 Re5 32. b4 Na4 33. Rc1 Qd7 34. Qf3 Nd5 35. Bb5 Qxf7 36. Rc8+ Ke7 37. Re8+ Qxe8 38. Bxe8 Kxe8 39. Nc4 1-0

[Event "GEO-ch U20 Girls 2020"]
[Site "Tbilisi"]
[Date "2020.08.08"]
[Round "3.8"]
[White "Esadze, Tamari"]
[Black "Kostava, Elene"]
[Result "1-0"]
[ECO "B65"]
[WhiteElo "1882"]
[BlackElo "1797"]
[Annotator "NA RC"]
[PlyCount "67"]
[EventDate "2020.08.06"]
[EventType "tourn"]
[EventCountry "GEO"]
[SourceTitle "playchess.com"]
[Source "ChessBase"]
[SourceQuality "1"]
[TimeControl "40/5400+30:1800+30"]

1. e4 c5 2. Nf3 Nc6 3. d4 cxd4 4. Nxd4 Nf6 5. Nc3 d6 6. Bg5 e6 7. Qd2 Be7 8. O-O-O O-O 9. f4 Nxd4 10. Qxd4 Qa5 11. Kb1 Rd8 12. Qd2 Kh8 {[%emt 0:07:33] [#] B65: Sicilian: Richter-Rauzer: 7...Be7 8 0-0-0 0-0 9 f4 Nxd4.} (12... h6 $14 13. Bxf6 Bxf6) 13. g4 $146 ({Predecessor:} 13. Be2 Bd7 14. Bf3 Rac8 15. Rhe1 b5 16. e5 b4 17. Ne4 dxe5 18. Qf2 exf4 19. Qh4 Qc7 20. Rc1 {1-0 (51) Shapoval,G-Alyabusheva,G (2143) Sevastopol 2000}) 13... Bd7 14. f5 Bc6 15. Bg2 Rd7 (15... b5 $11) 16. Bf3 b5 ({Black should try} 16... d5 $14 17. fxe6 fxe6 18. exd5 exd5) 17. Qe3 b4 18. Ne2 $1 e5 19. Bxf6 Bxf6 (19... gxf6 $14 20. Ng3 Rg8) 20. g5 Be7 {[%emt 0:00:07] [#]} (20... Bd8 $16 {keeps fighting.}) 21. f6 $1 gxf6 22. gxf6 Bxf6 23. Bg4 Rdd8 (23... Rg8 $142 24. Bxd7 Bxd7) 24. Rhf1 (24. Bf5 $18 {and White stays clearly on top.} Rg8 25. Rhg1 (25. Rxd6 Bg5 $16)) 24... Bg7 (24... Qc5 $16 {was necessary.} 25. Qf3 Bg7) 25. Rxf7 (25. Ng3 $18) 25... Be8 $2 {[%emt 0:01:52] [#]} (25... Rf8 $16 26. Rxg7 Kxg7) 26. Rxg7 $1 Kxg7 27. Qg5+ Bg6 28. Qe7+ Kh6 29. Ng3 (29. Rd3 $142 Qxa2+ 30. Kxa2 b3+ 31. Rxb3 Rf8 32. Rh3+ Bh5 33. Rxh5+ Kg6 34. Rg5+ Kh6 35. Qg7#) 29... Rf8 $18 30. Nf5+ Bxf5 31. Bxf5 Rh8 32. Qf6+ Kh5 33. Bg4+ Kxg4 34. Rg1+ 1-0

[Event "GEO-ch U20 Girls 2020"]
[Site "Tbilisi"]
[Date "2020.08.08"]
[Round "3.10"]
[White "Tsetskhladze, Mariam"]
[Black "Kirtadze, Anastasia"]
[Result "0-1"]
[ECO "B51"]
[WhiteElo "1397"]
[BlackElo "1679"]
[Annotator "NA RC"]
[PlyCount "84"]
[EventDate "2020.08.06"]
[EventType "tourn"]
[EventCountry "GEO"]
[SourceTitle "playchess.com"]
[Source "ChessBase"]
[SourceQuality "1"]
[TimeControl "40/5400+30:1800+30"]

1. e4 c5 2. Nf3 d6 3. Bb5+ Nd7 4. d4 cxd4 5. Qxd4 a6 6. Bxd7+ Bxd7 7. Nc3 e5 8. Qd3 h6 9. O-O Nf6 10. h3 Be7 11. Be3 O-O 12. Rad1 Qc7 13. Bc1 Be6 14. b3 b5 15. a3 Rac8 16. Bd2 Rfd8 17. Qe2 Qb7 18. Rfe1 Rc5 19. Qe3 Rdc8 20. Nh4 Nh5 21. Qe2 Nf4 22. Bxf4 exf4 23. Nf5 Rxc3 24. Nd4 f3 25. gxf3 Bxh3 26. Kh2 Be6 27. Rg1 Bf6 28. Qd2 Bg5 29. Qe2 Bf4+ 30. Kg2 Qd7 31. Kf1 Bh2 32. Rh1 Be5 33. Qd2 Bxd4 34. Qxd4 Rxf3 35. Rg1 g6 36. Rd2 Bh3+ 37. Ke2 Bg4 38. Kf1 h5 39. e5 d5 40. Ke1 Qe7 41. Qxd5 Qxa3 42. e6 Re8 0-1

[Event "GEO-ch U20 Girls 2020"]
[Site "Tbilisi"]
[Date "2020.08.09"]
[Round "4.8"]
[White "Donghvani, Nia"]
[Black "Kirtadze, Anastasia"]
[Result "1-0"]
[ECO "D02"]
[WhiteElo "1994"]
[BlackElo "1679"]
[Annotator "ChessBase"]
[PlyCount "125"]
[EventDate "2020.08.06"]
[EventType "tourn"]
[EventCountry "GEO"]
[SourceTitle "playchess.com"]
[Source "ChessBase"]
[SourceQuality "1"]
[TimeControl "40/5400+30:1800+30"]

1. d4 d5 2. Nf3 Nf6 3. g3 e6 4. Bg2 c5 5. O-O Nc6 6. a3 cxd4 7. Nxd4 Bc5 8. Nxc6 bxc6 9. c4 O-O 10. Qc2 Bb6 11. Nd2 e5 12. Nb3 Bb7 13. Bd2 Ba6 14. cxd5 cxd5 15. Bb4 Re8 16. Rad1 Rc8 17. Qd2 Bc4 18. Na5 Bxa5 19. Bxa5 Qd7 20. Rfe1 Qb5 21. e3 e4 22. Bc3 Bd3 23. Bf1 Bxf1 24. Rxf1 Rc6 25. Bxf6 Rxf6 26. Qxd5 Qb8 27. b4 h6 28. Rd4 Rfe6 29. a4 Re5 30. Qd6 Qc8 31. Qd7 Qa6 32. b5 Qb6 33. Rd6 Qb8 34. Rc1 R5e7 35. Qc6 Rf8 36. Qd5 Qe8 37. Rdc6 Re5 38. Qd4 Qe7 39. Rc7 Qe6 40. Rxa7 Rd5 41. Qc4 Rd1+ 42. Kg2 Rxc1 43. Qxc1 Qg4 44. Qd2 Rb8 45. Rd7 Qf3+ 46. Kg1 Kh7 47. Qd1 Qf5 48. Qd5 Qg4 49. Rxf7 Kh8 50. Rf4 Qe2 51. Qxe4 Rc8 52. Kg2 Qa2 53. Qb7 Rd8 54. Qf7 Qa3 55. Rg4 Rg8 56. b6 Qc3 57. b7 Qc6+ 58. Qf3 Qb6 59. Rc4 Qe6 60. Qc6 Qf7 61. Qc8 Qd5+ 62. e4 Qd6 63. Qxg8+ 1-0

[Event "GEO-ch U20 Girls 2020"]
[Site "Tbilisi"]
[Date "2020.08.09"]
[Round "4.9"]
[White "Tsotsonava, Elene"]
[Black "Bechvaia, Maia"]
[Result "0-1"]
[ECO "B32"]
[WhiteElo "2012"]
[BlackElo "1597"]
[Annotator "ChessBase"]
[PlyCount "102"]
[EventDate "2020.08.06"]
[EventType "tourn"]
[EventCountry "GEO"]
[SourceTitle "playchess.com"]
[Source "ChessBase"]
[SourceQuality "1"]
[TimeControl "40/5400+30:1800+30"]

1. e4 c5 2. Nf3 Nc6 3. d4 cxd4 4. Nxd4 e5 5. Nb5 d6 6. N1c3 a6 7. Na3 b5 8. Nd5 Be6 9. c4 bxc4 10. Nxc4 Bxd5 11. exd5 Nb8 12. Be3 Nd7 13. Qa4 Ngf6 14. Bb6 Qb8 15. Qc6 Be7 16. Be2 O-O 17. Bc7 Qb4+ 18. Kf1 Rac8 19. Rd1 a5 20. Bxa5 Qb8 21. Qa4 Nc5 22. Qb4 Qa7 23. Qb6 Qa8 24. Qb5 Rb8 25. Qc6 Qa7 26. Bb6 Qxa2 27. Bxc5 Rfc8 28. Bxd6 Rxc6 29. dxc6 Bxd6 30. Nxd6 Qa5 31. Nb5 g6 32. h4 Kg7 33. c7 Rc8 34. Rh3 Ne8 35. Rc3 Nxc7 36. Rdc1 Nxb5 37. Rxc8 Nd4 38. Bc4 Qd2 39. Bd5 Qd3+ 40. Kg1 Ne2+ 41. Kh2 Nxc1 42. Bc4 Qd7 43. Rc5 Qd6 44. Rd5 Qc6 45. b3 e4 46. h5 Qf6 47. Kg1 gxh5 48. Rxh5 Nd3 49. f3 Qd4+ 50. Kh2 e3 51. Rd5 Qxd5 0-1

[Event "GEO-ch U20 Girls 2020"]
[Site "Tbilisi"]
[Date "2020.08.09"]
[Round "4.10"]
[White "Koridze, Lile"]
[Black "Lagazauri, Tamar"]
[Result "1-0"]
[ECO "A40"]
[WhiteElo "1996"]
[BlackElo "1709"]
[Annotator "ChessBase"]
[PlyCount "105"]
[EventDate "2020.08.06"]
[EventType "tourn"]
[EventCountry "GEO"]
[SourceTitle "playchess.com"]
[Source "ChessBase"]
[SourceQuality "1"]
[TimeControl "40/5400+30:1800+30"]

1. d4 Nf6 2. c4 e6 3. g3 Bb4+ 4. Bd2 Bxd2+ 5. Qxd2 d5 6. Bg2 O-O 7. Nf3 Nbd7 8. Qc2 c5 9. O-O cxd4 10. cxd5 Nxd5 11. Nxd4 N7f6 12. Rd1 Qb6 13. Na3 Bd7 14. Nc4 Qa6 15. Ne5 Rfc8 16. Qd2 Be8 17. e3 Rab8 18. a3 Nd7 19. Nd3 Qd6 20. Rac1 a6 21. Qe2 Qe7 22. Rxc8 Rxc8 23. Nf4 Nxf4 24. exf4 Nf6 25. Nf5 Qc7 26. Nd6 Rb8 27. Nxe8 Rxe8 28. Qd2 Rc8 29. Bf3 g6 30. Qd4 Nd5 31. f5 Qc5 32. fxe6 fxe6 33. Qe5 Kf7 34. Bxd5 exd5 35. Rxd5 Qc1+ 36. Kg2 Qc6 37. Qd6 Qxd6 38. Rxd6 Ke7 39. Rb6 Rc7 40. f4 Kd7 41. Kf3 Kc8 42. Rb3 Rd7 43. Rc3+ Kb8 44. b4 Ka7 45. g4 Kb6 46. f5 Rf7 47. Kf4 h5 48. Kg5 gxf5 49. gxf5 Rg7+ 50. Kh6 Rg2 51. Rf3 Rxh2 52. f6 Rd2 53. f7 1-0

[Event "GEO-ch U20 Girls 2020"]
[Site "Tbilisi"]
[Date "2020.08.09"]
[Round "4.11"]
[White "Lagazauri, Tamar"]
[Black "Oniani, Tamar"]
[Result "*"]
[ECO "E73"]
[WhiteElo "1709"]
[BlackElo "1569"]
[Annotator "NA RC"]
[PlyCount "27"]
[EventDate "2020.08.06"]
[EventType "tourn"]
[EventCountry "GEO"]
[SourceTitle "playchess.com"]
[Source "ChessBase"]
[SourceQuality "1"]
[TimeControl "40/5400+30:1800+30"]

1. d4 Nf6 2. c4 g6 3. Nc3 Bg7 4. e4 d6 5. Be2 O-O 6. Bg5 Na6 7. Qd2 e5 8. d5 Qe8 9. h4 Nc5 10. Bxf6 Bxf6 11. g4 Qe7 12. g5 Bg7 13. O-O-O f5 14. f3 *

[Event "GEO-ch U20 Girls 2020"]
[Site "Tbilisi"]
[Date "2020.08.09"]
[Round "4.11"]
[White "Oniani, Tamar"]
[Black "Janiashvili, Mariami"]
[Result "0-1"]
[ECO "E73"]
[WhiteElo "1569"]
[BlackElo "2012"]
[Annotator "ChessBase"]
[PlyCount "70"]
[EventDate "2020.08.06"]
[EventType "tourn"]
[EventCountry "GEO"]
[SourceTitle "playchess.com"]
[Source "ChessBase"]
[SourceQuality "1"]
[TimeControl "40/5400+30:1800+30"]

1. d4 Nf6 2. c4 g6 3. Nc3 Bg7 4. e4 d6 5. Be2 O-O 6. Bg5 Na6 7. Qd2 e5 8. d5 Qe8 9. h4 Nc5 10. Bxf6 Bxf6 11. g4 Qe7 12. g5 Bg7 13. O-O-O f5 14. f3 b5 15. cxb5 a6 16. b6 cxb6 17. h5 b5 18. b4 Na4 19. Nxa4 bxa4 20. hxg6 hxg6 21. Bd3 Bd7 22. Ne2 a3 23. Rdg1 f4 24. Nc3 Rab8 25. Nb1 a5 26. Nxa3 Rxb4 27. Nc2 Rc8 28. Qh2 Kf7 29. Qe2 Ba4 30. Rh2 Bxc2 31. Bxc2 Qa7 32. Rd1 Qb6 33. Qd3 Rb1+ 34. Kd2 Rxc2+ 35. Qxc2 Qe3# 0-1

[Event "GEO-ch U20 Girls 2020"]
[Site "Tbilisi"]
[Date "2020.08.09"]
[Round "4.12"]
[White "Lomaia, Diana"]
[Black "Tsetskhladze, Mariam"]
[Result "1-0"]
[ECO "A87"]
[WhiteElo "1999"]
[BlackElo "1397"]
[Annotator "ChessBase"]
[PlyCount "117"]
[EventDate "2020.08.06"]
[EventType "tourn"]
[EventCountry "GEO"]
[SourceTitle "playchess.com"]
[Source "ChessBase"]
[SourceQuality "1"]
[TimeControl "40/5400+30:1800+30"]

1. d4 f5 2. c4 Nf6 3. g3 g6 4. Bg2 Bg7 5. Nf3 d6 6. Nc3 O-O 7. O-O Qe8 8. d5 a5 9. Nd4 Na6 10. Rb1 Nc5 11. b3 Qf7 12. a3 Bd7 13. Ncb5 Ne8 14. Ne6 Nxe6 15. dxe6 Bxe6 16. Bxb7 Rb8 17. Bc6 Rc8 18. a4 f4 19. Bb2 Bxb2 20. Rxb2 Bh3 21. Bg2 Bxg2 22. Kxg2 c6 23. Nc3 Nc7 24. Rd2 Ne6 25. Ne4 Qf5 26. f3 Rb8 27. Rd3 Rb7 28. g4 Qe5 29. Qa1 Qxa1 30. Rxa1 Rfb8 31. Ra3 Kf7 32. h4 h6 33. g5 h5 34. Nd2 c5 35. e3 fxe3 36. Rxe3 Nd4 37. Rc3 Ke6 38. Kf2 Nf5 39. Ra1 Nxh4 40. Re1+ Kd7 41. Rce3 e5 42. Re4 Nf5 43. f4 exf4 44. Re6 Rg8 45. Ne4 Kxe6 46. Nxc5+ Kf7 47. Nxb7 Ra8 48. Re4 Kf8 49. Kf3 Ra7 50. Nd8 Ne7 51. Kxf4 Ke8 52. Nc6 Rb7 53. Nxa5 Rb6 54. b4 Rxb4 55. Rxe7+ Kf8 56. Re4 Rxa4 57. Nb7 Ra6 58. Re6 Rc6 59. Nxd6 1-0

[Event "GEO-ch U20 Girls 2020"]
[Site "Tbilisi"]
[Date "2020.08.10"]
[Round "5.8"]
[White "Bechvaia, Maia"]
[Black "Esadze, Tamari"]
[Result "1/2-1/2"]
[ECO "B50"]
[WhiteElo "1597"]
[BlackElo "1882"]
[Annotator "NA"]
[PlyCount "116"]
[EventDate "2020.08.06"]
[EventType "tourn"]
[EventCountry "GEO"]
[SourceTitle "playchess.com"]
[Source "ChessBase"]
[SourceQuality "1"]
[TimeControl "40/5400+30:1800+30"]

1. e4 c5 2. Nf3 d6 3. c3 Nf6 4. h3 Nc6 5. Bd3 e5 6. O-O Be7 7. Bc2 Qc7 8. d3 O-O 9. Nbd2 {[%emt 0:07:38] B50: Sicilian: 2...d6, Miscellaneous.} h6 10. Re1 Be6 11. Nf1 d5 12. exd5 Nxd5 {[%emt 0:00:14] [#]} 13. Bb3 $146 ({Predecessor:} 13. Ba4 Bd6 14. N1d2 Nf4 15. Nc4 Bxc4 16. dxc4 Ng6 17. g4 Rad8 18. Qe2 f5 19. gxf5 Rxf5 {1-0 (35) Mohr,G (2488)-Stevanec,L (2112) Ljubljana 2000}) 13... Rad8 14. Ng3 c4 15. Bxc4 Nxc3 $1 16. bxc3 Bxc4 {[%emt 0:00:02] Pin} 17. d4 exd4 18. cxd4 Bf6 19. Bb2 Qb6 20. Qc2 Bd5 21. Ne4 Bxd4 22. Nxd4 Nxd4 23. Qc3 Bc6 24. Ng3 f6 ({Black should play} 24... Rd5 $17 25. Rad1 Rfd8) 25. Re7 (25. Rad1 $11 {keeps the balance.} Nb5 26. Qc2) 25... Be8 (25... Rf7 $17 26. Rxf7 Kxf7) 26. Rae1 Bf7 27. a4 (27. Qc7 $11 {remains equal.}) 27... Nc6 28. R7e2 Nb4 (28... Qb3 $17 29. Nf5 Qxc3 30. Bxc3 Rd3) 29. a5 Qb5 30. Ba3 $1 Nd5 31. Qb2 Qxa5 (31... Qxb2 $11 {remains equal.} 32. Rxb2 Rfe8 33. Rxe8+ Rxe8) 32. Bxf8 Rxf8 33. Qxb7 Nf4 34. Re7 Qd2 35. Qxa7 Qd5 36. Qb7 $2 (36. R1e4 $18 {has better winning chances.} Ng6 37. Rc7) 36... Qd2 $2 (36... Qxb7 $16 {keeps fighting.} 37. Rxb7 Nxg2) 37. Qd7 Qc3 38. Qg4 Ng6 39. R7e3 Qb2 (39... Qc5 $142 40. Nf5 Rd8 41. Ne7+ Kh7 42. Nxg6 Bxg6) 40. Nf5 Kh7 41. h4 Rg8 42. Nd6 Ba2 43. h5 Ne5 44. Qf5+ Kh8 45. f4 Nc6 46. Qc5 $18 Nd4 47. Re4 Nc2 48. R1e2 Qc1+ 49. Kh2 Bb3 50. Rc4 Bxc4 51. Qxc4 Qa3 52. Nf7+ Kh7 53. Qxc2+ g6 54. hxg6+ Rxg6 55. Nh8 Qg3+ 56. Kg1 Kxh8 57. Re8+ Rg8 58. Rxg8+ Qxg8 1/2-1/2

[Event "GEO-ch U20 Girls 2020"]
[Site "Tbilisi"]
[Date "2020.08.10"]
[Round "5.9"]
[White "Janiashvili, Mariami"]
[Black "Koridze, Lile"]
[Result "0-1"]
[ECO "E10"]
[WhiteElo "2012"]
[BlackElo "1996"]
[Annotator "ChessBase"]
[PlyCount "86"]
[EventDate "2020.08.06"]
[EventType "tourn"]
[EventCountry "GEO"]
[SourceTitle "playchess.com"]
[Source "ChessBase"]
[SourceQuality "1"]
[TimeControl "40/5400+30:1800+30"]

1. d4 Nf6 2. c4 e6 3. Nf3 d5 4. g3 Bb4+ 5. Bd2 Be7 6. Bg2 O-O 7. O-O c6 8. Qc2 b6 9. Rd1 Bb7 10. b3 Ne4 11. Bc1 Nd7 12. Bb2 Rc8 13. Nc3 f5 14. e3 Bd6 15. Rac1 Qe7 16. Ne1 Ndf6 17. f3 Ng5 18. Nd3 dxc4 19. bxc4 c5 20. Qe2 Ba6 21. Nb5 Bb8 22. dxc5 bxc5 23. Ne5 Bb7 24. Rd2 a6 25. Na3 Rfd8 26. Rcd1 Bc7 27. Bc3 Rxd2 28. Rxd2 Rd8 29. Kf2 Rxd2 30. Qxd2 Bxf3 31. Qb2 Bxe5 32. Bxe5 Ng4+ 33. Kg1 Qd7 34. Qb8+ Kf7 35. Bd6 Bxg2 36. Kxg2 Nxe3+ 37. Kf2 Ne4+ 38. Kxe3 Nxd6 39. Qb6 Ne4 40. Qb2 Qd1 41. Nb1 Qe1+ 42. Kf3 Ng5+ 43. Kg2 Qe4+ 0-1

[Event "GEO-ch U20 Girls 2020"]
[Site "Tbilisi"]
[Date "2020.08.10"]
[Round "5.10"]
[White "Kirtadze, Anastasia"]
[Black "Lomaia, Diana"]
[Result "1-0"]
[ECO "A22"]
[WhiteElo "1679"]
[BlackElo "1999"]
[Annotator "ChessBase"]
[PlyCount "91"]
[EventDate "2020.08.06"]
[EventType "tourn"]
[EventCountry "GEO"]
[SourceTitle "playchess.com"]
[Source "ChessBase"]
[SourceQuality "1"]
[TimeControl "40/5400+30:1800+30"]

1. c4 e5 2. Nc3 Nf6 3. g3 c6 4. Bg2 d5 5. cxd5 cxd5 6. d3 Nc6 7. Nf3 Be7 8. O-O O-O 9. Bg5 Be6 10. d4 e4 11. Ne5 Nd7 12. Nxc6 bxc6 13. Bxe7 Qxe7 14. Rc1 Rac8 15. a3 h6 16. Na4 Nb6 17. Nxb6 axb6 18. Qb3 Qa7 19. Qe3 Rc7 20. Rc2 Rfc8 21. f3 exf3 22. exf3 c5 23. Rd2 c4 24. f4 c3 25. bxc3 Rxc3 26. Qe5 Bd7 27. Bxd5 Bh3 28. Rfd1 Bg4 29. Rf1 Qxa3 30. Ra2 Qb4 31. Bxf7+ Kh8 32. Ra7 Rc1 33. Bc4 Rxf1+ 34. Bxf1 Rg8 35. h3 Bf3 36. f5 Qf8 37. Kf2 Bc6 38. Rc7 Bh1 39. Bc4 Qb4 40. f6 Qd2+ 41. Be2 Rf8 42. Rxg7 Qa5 43. Qf4 Qd2 44. Qxd2 Rxf6+ 45. Kg1 Kxg7 46. Kxh1 1-0

[Event "GEO-ch U20 Girls 2020"]
[Site "Tbilisi"]
[Date "2020.08.10"]
[Round "5.12"]
[White "Lagazauri, Tamar"]
[Black "Bedoshvili, Dea"]
[Result "0-1"]
[ECO "D31"]
[WhiteElo "1709"]
[BlackElo "1587"]
[Annotator "NA"]
[PlyCount "90"]
[EventDate "2020.08.06"]
[EventType "tourn"]
[EventCountry "GEO"]
[SourceTitle "playchess.com"]
[Source "ChessBase"]
[SourceQuality "1"]
[TimeControl "40/5400+30:1800+30"]

1. c4 c6 2. Nc3 d5 3. d4 e6 4. Nf3 Nd7 5. Bf4 Ngf6 6. e3 Be7 7. Qc2 O-O 8. h3 dxc4 9. Bxc4 b6 10. O-O Bb7 11. e4 Re8 12. Rfe1 Nf8 13. Rad1 Ng6 14. Bh2 b5 15. Bb3 Qb6 16. Ne5 Rad8 17. Nxg6 hxg6 18. d5 exd5 19. exd5 c5 20. d6 Bxd6 21. Rxe8+ Nxe8 22. Bxd6 Rxd6 23. Rxd6 Nxd6 24. Bd5 Bc8 25. Qxg6 Qc7 26. Qg3 Qe7 27. Kh2 a5 28. b3 Ba6 29. Qf3 b4 30. Na4 c4 31. bxc4 Bxc4 32. Bxc4 Nxc4 33. g3 Qe5 34. Qd3 Nd6 35. Nb6 Qc5 36. Qe3 Qxe3 37. fxe3 Nb5 38. Nc4 a4 39. Nb2 Nc3 40. Nd3 Nxa2 41. Kg2 b3 42. Nb2 Nc3 43. Nc4 Nb5 44. Kf2 a3 45. Nd2 b2 0-1

[Event "GEO-ch U20 Girls 2020"]
[Site "Tbilisi"]
[Date "2020.08.11"]
[Round "6.7"]
[White "Koridze, Lile"]
[Black "Esadze, Tamari"]
[Result "1-0"]
[ECO "D38"]
[WhiteElo "1996"]
[BlackElo "1882"]
[Annotator "ChessBase"]
[PlyCount "79"]
[EventDate "2020.08.06"]
[EventType "tourn"]
[EventCountry "GEO"]
[SourceTitle "playchess.com"]
[Source "ChessBase"]
[SourceQuality "1"]
[TimeControl "40/5400+30:1800+30"]

1. d4 d5 2. c4 e6 3. Nf3 Nf6 4. Nc3 Bb4 5. Bg5 h6 6. Bxf6 Qxf6 7. e3 O-O 8. Bd3 Nd7 9. O-O Bxc3 10. bxc3 b6 11. Qa4 Rd8 12. cxd5 exd5 13. e4 Bb7 14. e5 Qe7 15. Rae1 c5 16. Nd2 cxd4 17. cxd4 Nf8 18. f4 Rdc8 19. Re3 Bc6 20. Qb3 Ne6 21. Qb2 f6 22. Bf5 Re8 23. Bg6 Rec8 24. Bb1 fxe5 25. Rxe5 Qf6 26. Qc2 Nf8 27. Qd3 Be8 28. Rxd5 Bg6 29. f5 Bf7 30. Re5 Nd7 31. Re6 Qd8 32. f6 Nxf6 33. Rexf6 gxf6 34. Qh7+ Kf8 35. Qh8+ Bg8 36. Rxf6+ Qxf6 37. Qxf6+ Bf7 38. Bg6 Rc1+ 39. Nf1 Rc7 40. Bxf7 1-0

[Event "GEO-ch U20 Girls 2020"]
[Site "Tbilisi"]
[Date "2020.08.11"]
[Round "6.8"]
[White "Kirtadze, Anastasia"]
[Black "Pipia, Ekaterine"]
[Result "0-1"]
[ECO "E10"]
[WhiteElo "1679"]
[BlackElo "2071"]
[Annotator "ChessBase"]
[PlyCount "76"]
[EventDate "2020.08.06"]
[EventType "tourn"]
[EventCountry "GEO"]
[SourceTitle "playchess.com"]
[Source "ChessBase"]
[SourceQuality "1"]
[TimeControl "40/5400+30:1800+30"]

1. d4 Nf6 2. c4 e6 3. Nf3 d5 4. g3 dxc4 5. Qa4+ Nbd7 6. Qxc4 c5 7. Bg2 a6 8. dxc5 Bxc5 9. O-O b5 10. Qc2 Bb7 11. Ne1 Bxg2 12. Nxg2 Rc8 13. Qd3 Nd5 14. a3 Qb6 15. Bd2 Ne5 16. Qe4 Nc4 17. Nf4 Nf6 18. Qf3 Nxb2 19. Bc3 Bd4 20. Bxd4 Qxd4 21. Ra2 O-O 22. e3 Qe5 23. Nd2 Na4 24. Qg2 Rfd8 25. Nf3 Qe4 26. g4 e5 27. g5 Nd5 28. Ne2 Qc4 29. Rd2 Ndc3 30. Rxd8+ Rxd8 31. Ng3 Qc5 32. Nh4 Qxa3 33. Nhf5 Qf8 34. Nh5 b4 35. Nfxg7 b3 36. Qh3 Kh8 37. Nf5 Qg8 38. Qg3 Ne2+ 0-1

[Event "GEO-ch U20 Girls 2020"]
[Site "Tbilisi"]
[Date "2020.08.11"]
[Round "6.10"]
[White "Bedoshvili, Dea"]
[Black "Mgeladze, Kesaria"]
[Result "1-0"]
[ECO "E06"]
[WhiteElo "1587"]
[BlackElo "1215"]
[Annotator "NA RC"]
[PlyCount "59"]
[EventDate "2020.08.06"]
[EventType "tourn"]
[EventCountry "GEO"]
[SourceTitle "playchess.com"]
[Source "ChessBase"]
[SourceQuality "1"]
[TimeControl "40/5400+30:1800+30"]

1. d4 Nf6 2. Nf3 e6 3. c4 d5 4. g3 Be7 5. Bg2 O-O 6. O-O dxc4 7. Nbd2 c3 8. bxc3 c5 9. Rb1 Nc6 10. Nc4 Nd5 11. Qd3 cxd4 12. cxd4 a6 13. e4 Ndb4 14. Qd2 b5 15. Ne3 Na7 16. Rxb4 Bxb4 17. Qxb4 a5 18. Qd2 b4 19. d5 Nb5 20. Bb2 Ba6 21. Nd4 Nc3 22. Nc6 Qc7 23. Ra1 exd5 24. exd5 Nb5 25. Nf5 f6 26. d6 Qd7 27. Nce7+ Kh8 28. Bxa8 Rxa8 29. Qd5 Bb7 30. Qf7 1-0

[Event "GEO-ch U20 Girls 2020"]
[Site "Tbilisi"]
[Date "2020.08.11"]
[Round "6.11"]
[White "Lomaia, Diana"]
[Black "Antia, Sopia"]
[Result "1-0"]
[ECO "E06"]
[WhiteElo "1999"]
[BlackElo "1653"]
[Annotator "ChessBase"]
[PlyCount "83"]
[EventDate "2020.08.06"]
[EventType "tourn"]
[EventCountry "GEO"]
[SourceTitle "playchess.com"]
[Source "ChessBase"]
[SourceQuality "1"]
[TimeControl "40/5400+30:1800+30"]

1. d4 Nf6 2. c4 e6 3. g3 d5 4. Nf3 Be7 5. Bg2 O-O 6. O-O dxc4 7. Qc2 a6 8. a4 Nc6 9. Rd1 b5 10. axb5 Nb4 11. Qd2 Rb8 12. bxa6 Bxa6 13. Nc3 Bb7 14. Ne5 Bxg2 15. Kxg2 Ra8 16. Rxa8 Qxa8+ 17. f3 Qa6 18. e4 Rd8 19. Qe2 Nc6 20. Nxc6 Qxc6 21. d5 exd5 22. exd5 Qc5 23. Be3 Qb4 24. Rd4 Qb8 25. Bc1 Bb4 26. Qxc4 Bxc3 27. bxc3 Qb7 28. Qc6 Qxc6 29. dxc6 Rxd4 30. cxd4 Nd5 31. Ba3 f5 32. Kf2 Kf7 33. Ke2 Ke6 34. Kd3 h5 35. Kc4 Nb6+ 36. Kc5 Nd5 37. Bc1 g6 38. Bg5 Nb6 39. Bd8 Na4+ 40. Kb5 Nc3+ 41. Kc4 Nd5 42. Kc5 1-0

[Event "GEO-ch U20 Girls 2020"]
[Site "Tbilisi"]
[Date "2020.08.11"]
[Round "6.12"]
[White "Tsotsonava, Elene"]
[Black "Janiashvili, Mariami"]
[Result "1-0"]
[ECO "B09"]
[WhiteElo "2012"]
[BlackElo "2012"]
[Annotator "ChessBase"]
[PlyCount "61"]
[EventDate "2020.08.06"]
[EventType "tourn"]
[EventCountry "GEO"]
[SourceTitle "playchess.com"]
[Source "ChessBase"]
[SourceQuality "1"]
[TimeControl "40/5400+30:1800+30"]

1. e4 g6 2. d4 d6 3. Nc3 Nf6 4. f4 Bg7 5. Nf3 c5 6. dxc5 Qa5 7. Qd4 O-O 8. Bd2 Nc6 9. Qg1 Qxc5 10. Qxc5 dxc5 11. e5 Ne8 12. Bb5 Nc7 13. Bxc6 bxc6 14. Ne4 Ne6 15. Be3 Rb8 16. O-O-O Rb5 17. g3 c4 18. Nc3 a6 19. Nd2 Rb8 20. Nxc4 Nc7 21. Na5 Bg4 22. Nxc6 Bxd1 23. Nxb8 Bxc2 24. Nxa6 Nxa6 25. Kxc2 f6 26. exf6 exf6 27. a3 f5 28. Rd1 Re8 29. Bd4 Bf8 30. Be5 Rc8 31. b4 1-0